cohdb
Replays
Latest Replays
All Replays
Popular Replays
Top Player Replays
Match Explorer
How It Works
Community
CoH3 Stats
Reddit
Sign in to upload your games and track your stats! →
Sign in with Steam
Match 44684507
Unlisted
Match 44684507
Overview
Messages
Build Orders
End
Selects Mechanized Battlegroup
Construct Infanterie Kompanie
Medical Station
Construct Luftwaffe Kompanie
Selects Mobile Repair Stations
Luftwaffe Officer Quarters
Grenadier Squad
Grenadier Squad
Grenadier Squad
Infanterie Officer Quarters
Grenadier Squad
Grenadier Squad
Flak 30 Anti-aircraft Gun Team
Flak 30 Anti-aircraft Gun Team
Selects Wespe Self-propelled Artillery
Wespe Self-propelled Artillery
DSFreddy
MASTER_YOUR_SLEEP
gunner9804
听风晒黑
KingJulien
单曲循环
哈哈喽喽
GreyEuclid
0
0
Comments
sign in to comment!
No comments posted yet!